Map: Redshift LE

Players

Serral - Winner!

  • Race: Zerg Zerg
  • Spawn Location: 7:00

HeroMarine

  • Race: Terran Terran
  • Spawn Location: 11:00

Event: WCS Valencia 2018

VOD

Have the link to the VOD?

Description

Time

  • Played on: July 14, 2018, 10:16 a.m.
  • Length: 11:35

All games in this series

Show
View Real Time Build Order
Export as new Build Order

Serral Zerg - Winner!

Build Orders: Hatch First 

Get SALT Encoding   

  12  0:00  Drone  
  13  0:12  Overlord  
  13  0:16  Drone  
  14  0:30  Drone  
  14  0:31  Drone  
  16  0:47  Hatchery  
  15  0:50  Drone  
  15  0:54  Drone  
  17  0:57  Drone  
  18  1:08  Extractor  
  17  1:12  Spawning Pool  
  17  1:15  Drone  
  17  1:19  Drone  
  18  1:28  Drone  
  19  1:38  Overlord  
  19  1:51  Drone  
  20  1:59  Queen x2  
  20  2:00  Zergling x4  
  26  2:11  Drone x2  
  28  2:16  Metabolic Boost  
  28  2:23  Drone x2  
  30  2:35  Hatchery  
  29  2:48  Overlord, Queen  
  29  2:49  Drone  
  32  2:52  Drone  
  32  2:57  Drone x2  
  35  2:59  Drone  
  36  3:11  Drone x5  
  41  3:15  Overlord  
  41  3:20  Zergling x2  
  41  3:23  Queen  
  44  3:34  Overlord  
  44  3:35  Drone  
  44  3:36  Drone  
  44  3:40  Roach Warren  
  45  3:41  Drone  
  45  3:45  Zergling x2  
  45  3:46  Drone x2  
  49  3:49  Drone x2  
  49  3:54  Overlord  
  51  3:55  Drone  
  51  3:56  Drone x2  
  51  4:01  Overlord  
  54  4:03  Zergling x2  
  54  4:04  Overlord  
  54  4:09  Queen  
  55  4:12  Extractor  
  56  4:21  Roach x5  
  66  4:28  Roach  
  66  4:29  Roach  
  66  4:30  Drone  
  66  4:31  Drone  
  74  4:33  Drone x2  
  74  4:37  Drone  
  75  4:39  Lair  
  75  4:41  Drone  
  75  4:42  Spore Crawler, Drone  
  77  4:45  Drone  
  77  4:50  Drone  
  77  4:52  Drone x2  
  80  4:54  Extractor  
  80  4:56  Zergling x6  
  82  5:02  Overlord x2  
  82  5:06  Evolution Chamber  
  81  5:07  Overlord  
  81  5:08  Evolution Chamber  
  81  5:11  Drone  
  81  5:12  Drone  
  81  5:13  Overlord  
  82  5:21  Drone x2  
  82  5:22  Drone x7  
  82  5:26  Drone  
  92  5:29  Drone  
  92  5:33  Zerg Missile Weapons Level 1, Zerg Ground Armor Level 1  
  92  5:34  Drone  
  94  5:35  Extractor  
  94  5:36  Extractor, Drone  
  94  5:38  Drone x2  
  94  5:42  Drone x2  
  97  5:44  Drone  
  97  5:45  Glial Reconstitution  
  97  5:47  Extractor  
  97  5:49  Drone x3  
  100  5:53  Drone x2  
  100  5:55  Overlord  
  102  6:04  Overlord  
  102  6:05  Hatchery  
  101  6:13  Baneling Nest, Zergling x12  
  106  6:23  Roach x4  
  114  6:27  Roach x6  
  114  6:28  Roach  
  127  6:35  Overlord x2  
  127  6:37  Overlord  
  127  6:43  Roach  
  127  6:45  Infestation Pit  
  128  6:47  Overlord  
  128  6:51  Roach  
  128  6:53  Overlord x2  
  130  6:56  Roach x6  
  141  7:05  Ravager x4  
  141  7:07  Centrifical Hooks  
  144  7:09  Burrow  
  144  7:10  Zergling x2  
  144  7:11  Zergling x10  
  149  7:15  Tunneling Claws  
  149  7:18  Zergling x6  
  152  7:24  Zergling x2, Roach x2  
  152  7:25  Zergling x2, Roach  
  152  7:29  Queen  
  161  7:32  Overlord  
  161  7:38  Ravager x2  
  161  7:39  Ravager  
  164  7:45  Drone x3  
  164  7:46  Drone x3  
  164  7:47  Overlord x2, Zerg Ground Armor Level 2  
  164  7:51  Zergling x8  
  174  7:52  Zergling x2  
  174  7:55  Zerg Melee Weapons Level 1  
  175  8:08  Hive  
  175  8:09  Drone x2  
  177  8:16  Zergling x20  
  182  8:21  Zergling x10  
  177  8:30  Roach  
  177  8:33  Ravager  
  177  8:34  Ravager  
  181  8:36  Roach x4  
  181  8:37  Hatchery  
  181  8:40  Baneling x8  
  188  8:47  Roach x4  
  196  8:54  Zergling x8  
  200  9:03  Roach x2  
  200  9:04  Roach x2  
  200  9:07  Roach  
  200  9:08  Roach  
  200  9:09  Roach  
  192  9:13  Zergling x2  
  192  9:14  Drone x7, Zergling x26  
  192  9:16  Drone x3  
  192  9:20  Zergling x12  
  176  9:25  Drone x3  
  176  9:29  Queen  
  170  9:31  Zergling x2  
  167  9:41  Zergling x6  
  167  9:45  Roach x2  
  168  9:47  Adrenal Glands  
  168  9:49  Viper x3, Ultralisk Cavern  
  168  9:52  Baneling x7  
  173  10:05  Zergling x2  
  173  10:06  Zergling x22  
  186  10:13  Zergling x8  
  186  10:14  Queen  
  185  10:23  Roach x9  
  185  10:24  Zergling x22  
  174  10:37  Drone x2  
  174  10:38  Drone x2  
  173  10:43  Zergling x12  
  173  10:44  Zergling x10  
  173  10:45  Baneling x3  
  175  10:52  Zergling x10  
  175  10:57  Baneling x9  
  177  11:00  Zergling x4  
  166  11:07  Roach x8  
  166  11:08  Zergling x14  
  163  11:14  Zergling x10  
  163  11:15  Unknown  
Show
View Real Time Build Order
Export as new Build Order

HeroMarine Terran 

Build Orders: Hellion Opening, Reaper Expand, MMM Bio 

Get SALT Encoding   

  12  0:00  SCV  
  13  0:12  SCV  
  14  0:17  Supply Depot  
  14  0:24  SCV  
  15  0:38  SCV  
  15  0:39  Barracks  
  16  0:44  Refinery  
  16  0:50  SCV  
  17  1:03  SCV  
  18  1:15  SCV  
  19  1:26  Reaper  
  19  1:27  Orbital Command  
  20  1:38  Command Center  
  20  1:48  Supply Depot  
  20  1:53  SCV  
  21  1:58  Marine  
  22  2:05  SCV  
  23  2:08  Factory  
  23  2:11  Refinery  
  23  2:17  SCV  
  23  2:21  Barracks Reactor  
  24  2:29  SCV  
  25  2:41  SCV  
  26  2:51  Orbital Command  
  26  2:53  Starport, SCV  
  27  3:02  Hellion  
  27  3:03  Hellion  
  31  3:05  Barracks Tech Lab, SCV  
  32  3:16  Supply Depot  
  32  3:17  SCV x2  
  34  3:23  Hellion  
  34  3:24  Hellion  
  38  3:29  SCV  
  38  3:30  SCV  
  40  3:35  Raven, Marine  
  40  3:38  Supply Depot  
  40  3:41  SCV  
  44  3:42  SCV  
  44  3:45  Hellion  
  44  3:46  Hellion  
  49  3:53  SCV  
  49  3:54  SCV  
  51  3:55  Barracks Tech Lab  
  51  4:05  SCV  
  51  4:06  SCV  
  53  4:12  Command Center  
  53  4:14  Marine  
  53  4:16  Stimpack  
  54  4:17  SCV  
  54  4:18  SCV  
  54  4:23  Barracks  
  56  4:24  Starport Reactor, Barracks  
  56  4:30  SCV x2  
  57  4:34  Siege Tank  
  60  4:40  Engineering Bay  
  60  4:42  Engineering Bay  
  60  4:45  Supply Depot  
  60  4:46  SCV  
  60  4:48  SCV  
  62  4:57  Bunker  
  62  5:06  Siege Tank, SCV x2, Marine  
  68  5:09  Refinery  
  68  5:10  Starport Reactor  
  68  5:11  Refinery  
  68  5:13  Marine x2  
  70  5:20  Terran Infantry Weapons Level 1  
  70  5:21  SCV  
  70  5:24  SCV  
  70  5:25  Orbital Command, Supply Depot  
  71  5:32  Marine x3  
  71  5:33  SCV  
  75  5:37  SCV, Barracks x2  
  75  5:39  Marine  
  76  5:43  Terran Infantry Armor Level 1  
  76  5:45  SCV  
  76  5:49  SCV, Marine  
  78  5:50  Marine  
  78  5:51  Orbital Command, Medivac  
  78  5:54  Medivac  
  78  5:55  Marine  
  78  5:56  Marine x2  
  86  5:57  SCV  
  86  6:02  Supply Depot, SCV  
  88  6:07  Marine x2  
  88  6:10  SCV  
  91  6:13  Marine x2  
  91  6:17  Supply Depot  
  93  6:19  Siege Tank, SCV x2, Marine  
  93  6:22  SCV  
  93  6:24  Medivac  
  103  6:27  Barracks Tech Lab x2  
  103  6:32  SCV x2, Marine  
  104  6:33  Marine x3  
  104  6:34  SCV  
  104  6:37  Supply Depot  
  104  6:39  Supply Depot  
  107  6:42  Marine  
  107  6:43  Armory  
  109  6:47  SCV x2  
  109  6:50  SCV, Marine x2  
  113  6:57  Marine  
  113  6:59  Marauder x3, Siege Tank  
  123  7:02  Refinery  
  123  7:04  Refinery  
  123  7:09  Marine x3  
  123  7:10  Medivac  
  123  7:12  Medivac  
  130  7:17  Supply Depot  
  130  7:19  Marine  
  130  7:20  Marauder x2  
  130  7:21  Marauder  
  135  7:26  Marine  
  135  7:27  Marine x2  
  117  7:37  Marine  
  117  7:38  SCV x2  
  117  7:39  SCV  
  117  7:40  Siege Tank  
  117  7:42  Marauder  
  126  7:44  Terran Infantry Weapons Level 2  
  126  7:47  Marauder, Marine  
  126  7:50  SCV x2  
  126  7:51  Marauder, Marine x2  
  133  7:55  Marine  
  133  7:58  SCV  
  136  8:02  SCV, Marine  
  136  8:03  SCV  
  136  8:05  Marine  
  137  8:08  Marauder  
  137  8:09  Marine x2  
  137  8:10  SCV  
  137  8:12  Combat Shield  
  142  8:13  Concussive Shells  
  142  8:14  Marauder, SCV  
  142  8:16  SCV  
  141  8:21  Marauder  
  141  8:22  SCV  
  141  8:26  Marine x2  
  141  8:27  SCV  
  132  8:30  Marauder  
  132  8:34  Barracks  
  134  8:35  Marauder, Barracks  
  134  8:38  Barracks  
  136  8:43  Marauder  
  136  8:48  Marine x3  
  138  8:49  Marine  
  138  8:51  Marauder  
  143  8:56  Marauder  
  145  9:08  Supply Depot  
  145  9:09  Marauder, Marine x4  
  149  9:13  Missile Turret  
  149  9:14  Missile Turret  
  149  9:23  Marine  
  149  9:26  Marauder  
  149  9:29  Marine x4  
  149  9:30  Barracks Tech Lab, Barracks Reactor  
  149  9:31  Marauder, Supply Depot  
  155  9:37  Supply Depot  
  155  9:42  Marauder  
  157  9:47  Marine x4  
  157  9:52  Marauder x2, Marine  
  165  9:53  Marine, Medivac  
  165  9:54  Medivac  
  165  9:57  Siege Tank  
  170  10:03  Marauder  
  170  10:05  Marauder, Marine x2  
  170  10:06  Marine  
  177  10:07  Marine x2  
  177  10:10  Marine x2  
  180  10:18  Marauder  
  180  10:21  Marauder  
  179  10:23  Marine x2, Medivac x2  
  179  10:24  Marauder, Marine  
  179  10:26  Marine x2  
  179  10:27  Marauder  
  179  10:28  Marine  
  179  10:29  Marine  
  179  10:30  Siege Tank  
  179  10:39  Marauder  
  179  10:41  Marine x3  
  181  10:44  Marine  
  181  10:47  Marauder  
  181  10:48  Marauder  
  181  10:49  Marauder  
  174  10:59  Marine  
  174  11:01  Marauder  
  174  11:02  Siege Tank  
  163  11:08  Marauder  
  163  11:09  Marauder  
  163  11:10  Marauder  
  149  11:12  Marine x2  
Tags
 
Add a new tag
Caveats
  • Supply blocks, unpowered buildings, or Contaminate may cause inaccurate times.
  • Supply counts are checked every 10 seconds.